 Dungeon Crawl Stone Soup version 0.31-a0-325-g067879e3d3 (webtiles) character file.

Game seed: 15805474764078241910

753 serozhah the Cutter (level 7, -7/51 HPs)
             Began as a Vampire Gladiator on July 19, 2023.
             Killed by divine providence
             ... invoked by an orc priest
              (12 damage)
             ... on level 6 of the Dungeon.
             The game lasted 01:01:48 (4497 turns).

serozhah the Cutter (Vampire Gladiator)             Turns: 4497, Time: 01:01:49

Health: -7/51      AC: 13    Str: 15    XL:     7   Next: 49%
Magic:  7/7        EV:  5    Int: 11    God:
Gold:   260        SH:  0    Dex: 15    Spells: 6/6 levels left

rFire   . . .        a - +0 rapier (protect)
rCold   . . .        (no shield)
rNeg    . . .        A - +0 plate armour
rPois   .            c - +0 helmet
rElec   .            B - +0 cloak
rCorr   .            (no gloves)
SInv    +            (no boots)
Will    .....        (no amulet) Stlth
                     (no ring)
HPRegen 0.48/turn    (no ring)
MPRegen 0.10/turn

%: no passive effects
@: confused, healing quickly
A: alive, fangs 3, see invisible, vampiric 2
a: Exsanguinate


You were on level 6 of the Dungeon.
You visited 1 branch of the dungeon, and saw 6 of its levels.

You collected 260 gold pieces.

Inventory:

Hand Weapons
 a - a +0 rapier of protection (weapon)
 d - a +0 club
 g - a +0 morningstar
 i - a +0 short sword
 j - a +0 hand axe
 l - a +0 flail
 m - a +0 club
 o - a +0 dagger
 r - a +0 dagger
 s - a +0 short sword
 u - a +0 whip
 y - a +0 short sword
 E - a +0 short sword
 H - a +0 club
 K - a +0 dagger
 L - a +0 trident
 N - a +0 rapier
 O - a +0 sling
 Q - a +0 spear
 S - a +0 club
Missiles
 e - a javelin
 p - 55 stones
 P - 18 poisoned darts (quivered)
Armour
 b - a +0 leather armour
 c - a +0 helmet (worn)
 f - a +0 ring mail
 h - a +0 leather armour
 n - a +0 robe
 q - a +0 leather armour
 t - a +0 ring mail
 v - a +0 robe
 w - a +0 leather armour
 z - the +0 ring mail "Jyiguka" {rN+}
   (You found it on level 3 of the Dungeon)

   rN:        It protects you from negative energy.
 A - a +0 plate armour (worn)
 B - a +0 cloak (worn)
 I - a +0 chain mail
 M - a +0 robe
 R - a scarf of invisibility
Wands
 Z - a wand of roots (8)
Scrolls
 k - 4 scrolls of noise
 D - a scroll of poison {unknown}
 G - 3 scrolls of identify {unknown}
 U - 3 scrolls of teleportation {unknown}
 V - a scroll of revelation {unknown}
 X - a scroll of vulnerability {unknown}
 Y - a scroll of fear {unknown}
Potions
 x - a potion of might {unknown}
 C - a potion of magic {unknown}
 F - a potion of curing
 J - a potion of mutation {unknown}
 T - 4 potions of degeneration {unknown}
 W - a potion of enlightenment


   Skills:
 + Level 2.9 Fighting
 + Level 6.3(6.7) Short Blades
 * Level 2.7(4.6) Long Blades
 - Level 1.6 Throwing
 + Level 2.4 Armour
 - Level 3.8 Dodging
 + Level 2.4 Stealth
 * Level 3.1 Unarmed Combat


You had 6 spell levels left.
You didn't know any spells.
Your spell library contained the following spells:

 Spells                   Type           Power      Damage    Failure   Level
 Cigotuvi's Dreadful Rot  Necr/Pois/Air  0%         N/A       100%        2
 Ignite Poison            Fire/Tmut/Pois 0%         N/A       100%        3
 Anguish                  Hex/Necr       0%         N/A       100%        4
 Cause Fear               Hex            0%         N/A       100%        4
 Freezing Cloud           Conj/Ice/Air   0%         6-21      100%        5
 Enfeeble                 Hex            0%         N/A       100%        7


Dungeon Overview and Level Annotations

Branches:
Dungeon (6/15)             Temple (0/1) D:4

Altars:
Ashenzari
Kikubaaqudgha
Uskayaw
Xom

Shops:
D:4 (   D:6 (=(


Innate Abilities, Weirdness & Mutations

Your natural rate of healing is accelerated.
You have razor-sharp teeth.
You have supernaturally acute eyesight. (SInv)
You are afflicted with vampirism and can become a bat while bloodless.


Message History

The orc priest calls down the wrath of Beogh upon you.
Beogh smites you!
The orc priest looks braver for a moment.
The white imp gestures at you. The puff of frost hits you!
The white imp gestures at you. The puff of frost hits you.
Found Piobre's Weapon Shoppe and Vothauzi's Antique Weapon Emporium.
The white imp hits you. The white imp freezes you.
You barely miss the white imp. Your punch misses the white imp.
You bite the white imp, but do no damage.
The orc priest calls down the wrath of Beogh upon you.
Pain shoots through your body!
* * * LOW HITPOINT WARNING * * *
The white imp barely misses you.
You hit the white imp.
Your weapon exudes an aura of protection.
You bite the white imp.
The white imp is severely wounded.
The orc wizard points at you and mumbles some strange words.
You are confused.
The white imp hits you but does no damage.
You bump into the rock wall.
The orc wizard casts a spell at you.
You are more confused.
The white imp gestures at you. The puff of frost hits you!
* * * LOW HITPOINT WARNING * * *
You closely miss the white imp.
The white imp is severely wounded.
The white imp barely misses you.
You bump into the rock wall.
The white imp barely misses you.
Okay, then.
You nearly stumble into some deep water!
The white imp barely misses you. The orc wizard casts a spell at you.
You easily resist.
The orc priest invokes the aid of Beogh against you.
Beogh smites you!
You die...

♣♣♣♣ ..... #..
.8.∩.♣###### ..#
.......oooo# .≈≈
≈.≈≈≈≈≈≈≈≈≈# .≈
≈.≈≈≈≈5≈≈≈≈#########
..
..o....@.#.#.......#
.#
.∩.∩.♣##...#.#####.#
.# ... ###.#.### #.#
.# ♣ #.....# #.# .##
###.#.# #.# ..#
##.#.# #.# ..#
##..#.###.# ..####
###.........# .....+
......###.###


You could see an orc priest, an orc wizard, a white imp and 3 orcs.

Vanquished Creatures
  A black bear (D:4)
  A bullfrog (D:6)
  A kobold brigand (D:5)
  3 scorpions
  2 jellies
  2 orc priests
  4 orc wizards
  3 adders
  A white imp (D:6)
  2 ufetubi
  A worm (D:3)
  4 dart slugs
  12 orcs
  3 endoplasms
  6 goblins
  3 hobgoblins
  11 kobolds
  2 quokkas (D:3)
  6 ball pythons
  6 bats
  A frilled lizard (D:1)
  2 rats
77 creatures vanquished.

Notes
Turn   | Place    | Note
-------+----------+-------------------------------------------
     0 | D:1      | serozhah the Vampire Gladiator began the quest for the Orb.
     0 | D:1      | Reached XP level 1. HP: 16/16 MP: 1/1
   267 | D:2      | Reached XP level 2. HP: 17/17 MP: 2/2
   566 | D:2      | Reached skill level 4 in Short Blades
   675 | D:2      | Found a faded altar of an unknown god.
   745 | D:2      | Gained mutation: You are afflicted with vampirism and can
                  | become a bat while bloodless. [Vampire growth]
   745 | D:2      | Reached XP level 3. HP: 21/21 MP: 3/3
  1767 | D:3      | Identified the +0 ring mail "Jyiguka" {rN+}
  2086 | D:3      | Found an ancient bone altar of Kikubaaqudgha.
  2417 | D:3      | Found a hide-covered altar of Uskayaw.
  2763 | D:4      | Reached skill level 1 in Unarmed Combat
  2976 | D:4      | Found a shimmering altar of Xom.
  2977 | D:4      | Noticed a black bear
  2983 | D:4      | Reached skill level 1 in Stealth
  2983 | D:4      | Reached XP level 4. HP: 22/29 MP: 4/4
  2990 | D:4      | Reached skill level 1 in Long Blades
  2990 | D:4      | Reached skill level 1 in Armour
  3009 | D:4      | Killed a black bear
  3010 | D:4      | Reached XP level 5. HP: 17/34 MP: 5/5
  3090 | D:4      | Reached skill level 5 in Short Blades
  3090 | D:4      | Reached XP level 6. HP: 40/45 MP: 6/6
  3430 | D:4      | Found a staircase to the Ecumenical Temple.
  3499 | D:4      | Found Uhabel's Weapon Shop.
  3565 | D:5      | Entered Level 5 of the Dungeon
  3624 | D:5      | Reached XP level 7. HP: 21/51 MP: 7/7
  4213 | D:5      | Reached skill level 6 in Short Blades
  4299 | D:6      | Found a broken altar of Ashenzari.
  4393 | D:6      | Identified the +0 scale mail of the Chupacabra {Regen+}
  4486 | D:6      | Found Cicumif's Jewellery Shop.
  4491 | D:6      | Found Piobre's Weapon Shoppe.
  4491 | D:6      | Found Vothauzi's Antique Weapon Emporium.
  4497 | D:6      | Killed from afar by an orc priest

Illustrated notes

Levels and vault maps discovered:
D:1:      shiori_shiawase, layout_loops_corners
D:2:      layout_rooms, hellmonk_ecumenical_altar_heavens_door
D:3:      layout_loops_ring, amcnicky_altar_gilded, lemuel_tele_altar,
          minmay_misc_feat_more_columns
D:4:      layout_basic, mainiacjoe_overflow_six_doors_small,
          minmay_temple_entry_nine_rooms, serial_shops, shop
D:5:      layout_loops_cross
D:6:      layout_loops_corners, grunt_gozag_statues,
          ashenzari_conservatory_becter, ebering_ghost_reflecting_pool,
          portal_sewer_entry_d, nicolae_wooded_promenade,
          minmay_stone_trees_small, kennysheep_nondescript,
          kennysheep_generic_room_11, uniq_eustachio, uniq_blork_the_orc,
          uniq_sigmund

Skill      XL: |  1  2  3  4  5  6  7 |
---------------+----------------------+-----
Short Blades   | 4 5 6 |  6.3
Fighting       | 2 |  2.9
Unarmed Combat | 1 2 3 |  3.1
Stealth        | 1 2 |  2.4
Long Blades    | 1 2 |  2.7
Armour         | 1 2 |  2.4
Throwing       | |  1.6
Dodging        | |  3.8

Action                     |  1- 3 |  4- 6 |  7- 9 || total
---------------------------+-------+-------+-------++-------
  Melee: Rapier            |   115 |   136 |    81 ||   332
         Bite              |    10 |    10 |    13 ||    33
         Punch             |     1 |     2 |       ||     3
  Throw: Throwing net      |     4 |       |       ||     4
         Dart              |       |     4 |     9 ||    13
Ability: Exsanguinate      |     1 |       |       ||     1
         End Transformatio |     1 |       |       ||     1
         Bat Form          |     1 |       |       ||     1
         Revivify          |     1 |       |       ||     1
    Use: Scroll            |     6 |     1 |       ||     7
         Potion            |     6 |     4 |       ||    10
   Stab: Sleeping          |     5 |       |       ||     5
 Armour: Leather armour    |    10 |       |       ||    10
         Ring mail         |     7 |       |       ||     7
         Plate armour      |    89 |    90 |    89 ||   268
         Skin              |       |    26 |       ||    26
  Dodge: Dodged            |    54 |    23 |    26 ||   103

Table legend: (Time is in decaauts)
 A = Elapsed time spent in this place.
 B = Non-inter-level travel time spent in this place.
 C = Inter-level travel time spent in this place.
 D = Time resting spent in this place.
 E = Time spent auto-exploring this place.
 F = Levels seen in this place.
 G = Mean time per level.
                   A        B        C        D        E       F      G
               +--------+--------+--------+--------+--------+-----+--------+
         Total |   4439 |   3552 |    887 |    100 |   2543 |   6 |  739.8 |
       Dungeon |   4439 |   3552 |    887 |    100 |   2543 |   6 |  739.8 |
               +--------+--------+--------+--------+--------+-----+--------+

Top non-repeatable levels by time:
     D:4: 1009 daAuts
     D:1: 973 daAuts
     D:2: 772 daAuts
     D:3: 762 daAuts
     D:5: 709 daAuts
     D:6: 212 daAuts
